 Dungeon Crawl Stone Soup version 0.20.1-1-g8b1a95d (webtiles) character file.

8440 KoningWillie the Severer (level 11, -8/94 HPs)
             Began as a Minotaur Gladiator on Sept 12, 2017.
             Killed by divine providence
             ... invoked by an orc priest
              (10 damage)
             ... on level 2 of the Orcish Mines on Sept 13, 2017.
             The game lasted 00:24:31 (13038 turns).

KoningWillie the Severer (Minotaur Gladiator)      Turns: 13038, Time: 00:24:32

Health: -8/94      AC: 21    Str: 18 (21) XL:     11   Next: 9%
Magic:  10/10      EV: 10    Int:  3 (5)  God:
Gold:   770        SH:  0    Dex: 15 (17) Spells: 10/10 levels left

rFire    . . .     SeeInvis .   s - +0 battleaxe
rCold    . . .     Gourm    +   (shield currently unavailable)
rNeg     . . .     Faith    .   u - +8 chain mail "Xudoc" {Dex+4}
rPois    +         Spirit   .   c - +2 hat
rElec    .         Reflect  .   (no cloak)
rCorr    .         Harm     .   (no gloves)
MR       .....                  (no boots)
Stlth    ..........             g - amulet of the gourmand
Regen    0.3/turn               n - ring of poison resistance
MPRegen  0.2/turn               (no ring)

@: no status effects
A: retaliatory headbutt, horns 2
a: no special abilities


You were on level 2 of the Orcish Mines.
You were not hungry.

You visited 2 branches of the dungeon, and saw 11 of its levels.

You collected 770 gold pieces.

Inventory:

Hand Weapons
 a - a +1 war axe
 p - a +0 war axe
 s - a +0 battleaxe (weapon)
 w - the +4 Vampire's Tooth {vamp}
   (You found it on level 6 of the Dungeon)

   It inflicts no extra harm, but heals its wielder when it wounds a living foe.
Missiles
 d - 3 throwing nets (quivered)
Armour
 c - a +2 hat (worn)
 q - a +1 hat
 u - the +8 chain mail "Xudoc" (worn) {Dex+4}
   (You found it on level 4 of the Dungeon)

   It affects your dexterity (+4).
Jewellery
 g - an amulet of the gourmand (around neck)
 n - a ring of poison resistance (left hand)
 D - an uncursed amulet of regeneration {unknown}
 E - an uncursed amulet of faith {unknown}
 F - an uncursed ring of ice {unknown}
Wands
 f - a wand of confusion (24/48)
 j - a wand of iceblast (2/15)
 r - a wand of confusion (30/48)
 y - a wand of flame (22/48)
Scrolls
 e - a scroll of amnesia
 l - 3 scrolls of remove curse
 t - 2 scrolls of enchant armour
Potions
 b - a potion of haste
 h - a potion of cancellation {unknown}
 i - 3 potions of degeneration
 k - a potion of invisibility {unknown}
 o - a potion of lignification
 v - 5 potions of curing {unknown}
 x - a potion of flight {unknown}
Comestibles
 z - 2 bread rations
 A - 2 royal jellies
 B - a meat ration
 C - 19 fruits


   Skills:
 + Level 8.1 Fighting
 * Level 15.8 Axes
 + Level 2.4 Throwing
 + Level 8.4 Armour
 + Level 4.4 Dodging
 + Level 1.5 Stealth


You had 10 spell levels left.
You didn't know any spells.

Dungeon Overview and Level Annotations

Branches:
Dungeon (9/15)             Temple (0/1) D:7             Orc (2/2) D:9
    Elf (0/3) Orc:2
   Lair: D:8-11

Altars:
Cheibriados
Elyvilon
Fedhas
Nemelex Xobeh
Okawaru
Vehumet
Xom
Yredelemnul
Zin

Shops:
D:2 *   Orc:2 :


Innate Abilities, Weirdness & Mutations

You reflexively headbutt those who attack you in melee.
You have a pair of horns on your head.


Message History

The orc shouts!
The orc priest shouts! x2
The orc barely misses you. The orc hits you but does no damage.
The orc priest invokes the aid of Beogh against you.
Pain shoots through your body!
The orc moves out of view.
The orc priest calls down the wrath of Beogh upon you.
Beogh smites you!
* * * LOW HITPOINT WARNING * * *
The orc priest invokes the aid of Beogh against you.
Beogh smites you!
* * * LOW HITPOINT WARNING * * *
The orc priest mumbles some strange prayers to Beogh against you.
Pain shoots through your body!
* * * LOW HITPOINT WARNING * * *
An orc comes into view. It is wielding a hand axe.
It was a potion of degeneration.
There was something very wrong with that liquid.
You feel weakened.
You feel dopey.
You feel clumsy.
The orc priest calls down the wrath of Beogh upon you.
Beogh smites you!
You die...

.. ....
##...#
#......
..#...#
##......o
#ooo#o..#
##@o..o...
#..oo#...#
#..oo.....
.
#.o..#o.o#
..
#.........
..
#....#..o#
...
##...oo...
...
#..o#.oo#
...
##.......
...


You could see 4 orc warriors, 7 orc priests and 9 orcs.

Vanquished Creatures
  Gastronok (D:8)
  A two-headed ogre (D:8)
  A troll (Orc:1)
  Grinder (D:6)
  A hippogriff (D:8)
  The ghost of Tutankhamun the Grave Robber, an amateur DDNe (D:4)
  3 hungry ghosts
  An ice beast (D:8)
  8 orc warriors
  A phantom (D:6)
  2 sky beasts
  4 ogres
  2 black bears
  7 centaurs
  A crocodile (D:8)
  2 big kobolds
  6 bullfrogs
  A wyvern zombie (D:9)
  A water moccasin zombie (D:5)
  4 scorpions
  2 vampire bats (D:6)
  4 howler monkeys (D:9)
  An electric eel (D:9)
  A crimson imp (D:7)
  3 jellies
  A centaur zombie (D:5)
  7 orc priests
  4 hounds
  A centaur skeleton (D:4)
  2 bullfrog skeletons
  14 orc wizards
  Terence (D:3)
  An iguana (D:6)
  10 worker ants
  2 hound zombies
  2 hound skeletons
  A howler monkey zombie (D:7)
  A worker ant zombie (D:4)
  12 adders
  3 gnolls (D:4)
  2 shadow imps
  4 adder skeletons
  4 adder zombies
  5 worms
  4 leopard geckos
  50 orcs
  2 ball pythons
  12 bats
  5 giant cockroaches
  4 goblins
  12 hobgoblins
  5 jackals
  5 quokkas
  3 frilled lizards
  2 giant cockroach zombies
  17 kobolds
  5 rats
263 creatures vanquished.

Notes
Turn   | Place    | Note
-------+----------+-------------------------------------------
     0 | D:1      | KoningWillie the Minotaur Gladiator began the quest for the Orb.
     0 | D:1      | Reached XP level 1. HP: 18/18 MP: 0/0
    46 | D:1      | Reached XP level 2. HP: 22/25 MP: 1/1
   416 | D:1      | Reached skill level 4 in Axes
   737 | D:1      | Reached XP level 3. HP: 28/30 MP: 2/2
  1058 | D:2      | Found Zin's Purification Station.
  1062 | D:2      | Found a glowing silver altar of Zin.
  1366 | D:2      | Reached skill level 1 in Armour
  1471 | D:2      | Reached XP level 4. HP: 34/37 MP: 3/3
  2141 | D:3      | Noticed Terence
  2148 | D:3      | Killed Terence
  2208 | D:3      | Found a radiant altar of Vehumet.
  2245 | D:3      | Reached skill level 5 in Axes
  2305 | D:3      | Reached XP level 5. HP: 42/45 MP: 4/4
  2714 | D:4      | Noticed Tutankhamun's ghost (amateur DDNe)
  2721 | D:4      | Killed Tutankhamun's ghost
  2721 | D:4      | Reached skill level 6 in Axes
  2721 | D:4      | Reached XP level 6. HP: 43/52 MP: 5/5
  3079 | D:4      | Reached skill level 7 in Axes
  3530 | D:4      | Reached XP level 7. HP: 57/59 MP: 6/6
  3685 | D:4      | Got a scorched chain mail
  3686 | D:4      | Identified the +8 chain mail "Xudoc" {Dex+4} (You found it on level 4 of the Dungeon)
  4018 | D:4      | Found a white marble altar of Elyvilon.
  4152 | D:4      | Reached skill level 8 in Axes
  4684 | D:5      | Entered Level 5 of the Dungeon
  4788 | D:5      | Reached skill level 5 in Fighting
  4792 | D:5      | Reached skill level 9 in Axes
  4832 | D:5      | Reached XP level 8. HP: 62/68 MP: 7/7
  5390 | D:5      | Found a sparkling altar of Nemelex Xobeh.
  5417 | D:5      | Reached skill level 1 in Stealth
  5627 | D:5      | Found a basalt altar of Yredelemnul.
  6077 | D:6      | Reached skill level 5 in Armour
  6208 | D:6      | Reached skill level 10 in Axes
  6368 | D:6      | Found a snail-covered altar of Cheibriados.
  6482 | D:6      | Noticed Grinder
  6487 | D:6      | Killed Grinder
  6487 | D:6      | Reached skill level 11 in Axes
  6494 | D:6      | Reached XP level 9. HP: 50/75 MP: 8/8
  7859 | D:7      | Reached skill level 12 in Axes
  8413 | D:7      | Found a staircase to the Ecumenical Temple.
  9557 | D:8      | Reached skill level 13 in Axes
 10639 | D:8      | Noticed a two-headed ogre
 10747 | D:8      | Killed a two-headed ogre
 10747 | D:8      | Reached XP level 10. HP: 58/86 MP: 9/9
 11064 | D:8      | Noticed Gastronok
 11082 | D:8      | Killed Gastronok
 11082 | D:8      | Reached skill level 14 in Axes
 11113 | D:8      | Reached skill level 15 in Axes
 11638 | D:9      | Found a shimmering altar of Xom.
 11640 | D:9      | Found an iron altar of Okawaru.
 11643 | D:9      | Found a blossoming altar of Fedhas.
 12187 | D:9      | Reached XP level 11. HP: 74/94 MP: 10/10
 12569 | D:9      | Found a staircase to the Orcish Mines.
 12587 | Orc:1    | Entered Level 1 of the Orcish Mines
 12836 | Orc:2    | Entered Level 2 of the Orcish Mines
 12836 | Orc:2    | Found Keapsaz's Book Shop.
 13025 | Orc:2    | Found a staircase to the Elven Halls.
 13028 | Orc:2    | Noticed a deep elf mage
 13032 | Orc:2    | Noticed an orc knight
 13032 | Orc:2    | Noticed an orc knight
 13032 | Orc:2    | Noticed an orc high priest
 13032 | Orc:2    | Noticed an orc knight
 13032 | Orc:2    | Noticed an orc knight
 13033 | Orc:2    | Noticed an orc high priest
 13033 | Orc:2    | Noticed an orc knight
 13033 | Orc:2    | Noticed an orc knight
 13033 | Orc:2    | Noticed an orc high priest
 13036 | Orc:2    | Noticed an orc knight
 13037 | Orc:2    | HP: 2/94 [orc priest/nerve-wracking pain (6)]
 13038 | Orc:2    | Killed from afar by an orc priest

Skill      XL: |  1  2  3  4  5  6  7  8  9 10 |
---------------+-------------------------------+-----
Axes           | 4 5 6 7 9 11 13 15 | 15.8
Armour         | 1 2 3 4 5 7 8 |  8.4
Fighting       | 3 4 5 6 7 8 |  8.1
Dodging        | 4 |  4.4
Stealth        | 1 |  1.5
Throwing       | |  2.4

Action                   |  1- 3 |  4- 6 |  7- 9 | 10-12 || total
-------------------------+-------+-------+-------+-------++-------
Melee: War axe           |    86 |   112 |   344 |       ||   542
       Headbutt          |    13 |    22 |    80 |    41 ||   156
       Battleaxe         |       |       |     4 |   146 ||   150
Throw: Throwing net      |       |       |     1 |       ||     1
  Use: Scroll            |     2 |     7 |    11 |     3 ||    23
       Potion            |       |       |       |     2 ||     2
  Eat: Chunk             |     2 |       |    16 |     4 ||    22
       Royal jelly       |       |     1 |     1 |       ||     2
       Bread ration      |       |     1 |     3 |       ||     4
       Fruit             |       |       |       |     5 ||     5
Armor: Leather armour    |     8 |       |       |       ||     8
       Chain mail        |    38 |    77 |   185 |    76 ||   376
Dodge: Dodged            |    48 |    74 |   151 |    78 ||   351
